 Dungeon Crawl Stone Soup version 0.28.0-45-g0d030f2227 (webtiles) character file.

Game seed: 137438280201634220

1808 pkoi the Grappler (level 8, 0/63 HPs)
             Began as a Demigod Gladiator on Apr 8, 2022.
             Slain by an orc wizard
             ... wielding a +0 trident
              (6 damage)
             ... on level 6 of the Dungeon.
             The game lasted 00:09:50 (7136 turns).

pkoi the Grappler (Demigod Gladiator)               Turns: 7136, Time: 00:09:51

Health: 0/63       AC:  4    Str: 19    XL:     8   Next: 54%
Magic:  17/17      EV: 13    Int: 14    God:
Gold:   396        SH:  0    Dex: 15    Spells: 7/14 levels left

rFire   . . .      SeeInvis .     - Unarmed
rCold   . . .      Faith    .   (no shield)
rNeg    . . .      Spirit   .   a - +0 leather armour
rPois   +          Reflect  .   b - +0 helmet
rElec   .          Harm     .   (no cloak)
rCorr   .          Rampage  .   (no gloves)
Will    .....                   (no boots)
Stlth   ++........              i - amulet of Ilapol {RegenMP rPois Regen+ Stlth+}
HPRegen 1.00/turn               (no ring)
MPRegen 0.55/turn               (no ring)

@: studying Dodging
A: high MP 1, forlorn, divine attributes
a: no special abilities


You were on level 6 of the Dungeon.
You visited 2 branches of the dungeon, and saw 7 of its levels.

You collected 396 gold pieces.

Inventory:

Hand Weapons
 d - a +1 dagger of venom
 f - a +0 club
 h - a +0 dagger
 s - a +1 war axe of flaming
 v - a +0 dagger of draining
 x - a +3 short sword
 y - a +2 dagger of distortion
Missiles
 c - 3 throwing nets
 e - 4 curare-tipped darts
 m - 6 poisoned darts
 u - 2 boomerangs (quivered)
Armour
 a - a +0 leather armour (worn)
 b - a +0 helmet (worn)
 g - an orb of light
 l - a +0 cloak
Jewellery
 i - the amulet of Ilapol (around neck) {RegenMP rPois Regen+ Stlth+}
   (You acquired it on level 3 of the Dungeon)

   [amulet of magic regeneration]

   It increases your rate of magic regeneration.
   rPois:     It protects you from poison.
   Regen:     It increases your rate of health regeneration.
   Stlth:     It makes you more stealthy.
Wands
 t - a wand of paralysis (7)
Scrolls
 j - a scroll of fog
 o - 5 scrolls of identify
Potions
 k - a potion of magic {unknown}
 n - 2 potions of resistance {unknown}
 p - 2 potions of flight
 q - a potion of brilliance {unknown}
 r - 2 potions of mutation {unknown}
 w - a potion of might {unknown}
 z - a potion of heal wounds {unknown}


   Skills:
 - Level 3.0 Fighting
 - Level 1.7 Throwing
 + Level 4.5 Dodging
 * Level 8.1 Unarmed Combat
 + Level 3.8 Spellcasting
 + Level 4.2 Translocations


You had 7 spell levels left.
You knew the following spells:

 Your Spells              Type           Power      Damage    Failure   Level
a - Blink                 Tloc           28%        N/A       6%          2
b - Manifold Assault      Tloc           14%        N/A       75%         5

Your spell library contained the following spells:

 Spells                   Type           Power      Damage    Failure   Level
 Lesser Beckoning         Tloc           14%        N/A       12%         3
 Magic Dart               Conj           8%         1d3       24%         1
 Call Imp                 Summ           2%         N/A       34%         2
 Scorch                   Fire           4%         2d5       34%         2
 Mephitic Cloud           Conj/Pois/Air  2%         N/A       56%         3
 Flame Wave               Conj/Fire      2%         2d4       93%         4
 Summon Cactus Giant      Summ           1%         N/A       100%        6


Dungeon Overview and Level Annotations

Branches:
Dungeon (6/15)             Temple (1/1) D:6


Innate Abilities, Weirdness & Mutations

You have an increased reservoir of magic. (+10% MP)
You shall have no god before yourself.
Your divine heritage dramatically boosts your attributes as you level up.


Message History

Unknown command.
Unknown command.
You hit something. Something barely misses you.
You barely miss something. Something hits you.
* * * LOW HITPOINT WARNING * * *
You hear some strange, mumbled words.
A puff of flame appears from out of thin air!
The puff of flame hits something.
Reactivating autopickup.
You feel a bit more experienced. Something hits you but does no damage.
Deactivating autopickup; reactivate with Ctrl-A.
You punch the orc priest!
The orc priest is severely wounded.
The orc priest mumbles some strange prayers to Beogh against you.
You struggle to resist.
You punch the orc priest!
You kill the orc priest!
Something hits you but does no damage.
You hear some strange, mumbled words.
A puff of flame appears from out of thin air!
The puff of flame hits you.
* * * LOW HITPOINT WARNING * * *
Aiming: Paralyse
Press: ? - help, Shift-Dir - straight line, f - you
Okay, then.
Something barely misses you.
You hear some strange, mumbled words.
A puff of flame appears from out of thin air!
The puff of flame hits you.
* * * LOW HITPOINT WARNING * * *
Items here: ( ))) [[ ††.
Something hits you.
* * * LOW HITPOINT WARNING * * *
You closely miss something. Something hits you!
* * * LOW HITPOINT WARNING * * *
Something hits you.
* * * LOW HITPOINT WARNING * * *
You barely miss something. Something hits you.
You die...

##########
######........#
............#.###########
######...##.)...@).....<.
#..#..#####.##{..####
#..##..## #..#...#
#..###..###......# ...
##...###..##..#..... ..
####....####.##......###
###.#
.........###.#.......###
#....
.......#...#.#.#..##....
#.... .......###........#
#. #....


There were no monsters in sight!

Vanquished Creatures
  A yak (D:4)
  An orc warrior (D:6)
  3 necrophages
  2 ogres
  3 phantoms
  A bullfrog (D:6)
  5 scorpions
  A howler monkey (D:6)
  2 centaur zombies
  2 orc priests (D:6)
  A hound (D:5)
  A bullfrog skeleton (D:4)
  2 iguanas
  3 orc wizards
  A hound zombie (D:5)
  A hound skeleton (D:4)
  A howler monkey zombie (D:6)
  6 adders
  3 worms
  3 dart slugs
  11 orcs
  11 endoplasms
  3 giant cockroaches
  11 goblins
  6 hobgoblins
  7 jackals
  2 quokkas
  7 ball pythons
  6 bats
  2 frilled lizards
  4 kobolds
  6 rats
119 creatures vanquished.

Vanquished Creatures (others)
  An orc wizard (D:6)
  A plant (D:4)
2 creatures vanquished.

Grand Total: 121 creatures vanquished

Notes
Turn   | Place    | Note
-------+----------+-------------------------------------------
     0 | D:1      | pkoi the Demigod Gladiator began the quest for the Orb.
     0 | D:1      | Reached XP level 1. HP: 17/17 MP: 3/3
    90 | D:1      | Reached skill level 3 in Unarmed Combat
   411 | D:1      | Reached XP level 2. HP: 19/24 MP: 4/4
  1764 | D:1      | Noticed an eye of devastation
  1792 | D:1      | Noticed a great orb of eyes
  1792 | D:1      | Noticed a golden eye
  1792 | D:1      | Noticed an eye of devastation
  2355 | D:2      | Reached XP level 3. HP: 24/30 MP: 5/5
  2997 | D:3      | Identified a scroll of acquirement
  2997 | D:3      | Acquired the amulet of Ilapol {RegenMP rPois Regen+ Stlth+}
  3122 | D:3      | Learned a level 2 spell: Blink
  3642 | D:3      | Reached XP level 4. HP: 34/37 MP: 6/6
  3647 | D:3      | Reached skill level 4 in Unarmed Combat
  4258 | D:4      | Reached skill level 5 in Unarmed Combat
  4258 | D:4      | Reached XP level 5. HP: 45/45 MP: 7/7
  4592 | D:4      | Noticed an ogre
  4636 | D:4      | Reached skill level 1 in Spellcasting
  4636 | D:4      | Reached skill level 1 in Translocations
  4660 | D:4      | Killed an ogre
  4661 | D:4      | Reached XP level 6. HP: 51/51 MP: 10/10
  5273 | D:5      | Entered Level 5 of the Dungeon
  5292 | D:5      | Reached skill level 6 in Unarmed Combat
  5489 | D:5      | Reached XP level 7. HP: 41/57 MP: 11/13
  5876 | D:5      | Noticed a yak
  5934 | D:4      | Killed a yak
  5967 | D:4      | Reached skill level 7 in Unarmed Combat
  5997 | D:4      | Learned a level 5 spell: Manifold Assault
  6373 | D:6      | Reached XP level 8. HP: 48/63 MP: 16/16
  6665 | D:6      | Found a staircase to the Ecumenical Temple.
  6675 | Temple   | Entered the Ecumenical Temple
  7121 | D:6      | Reached skill level 8 in Unarmed Combat
  7136 | D:6      | Slain by an orc wizard

Illustrated notes

Levels and vault maps discovered:
D:1:      amcnicky_arrival_blooded_trapdoor, layout_basic,
          hellmonk_ecumenical_altar_watching_god, minivault_4, minivault_5
D:2:      layout_basic
D:3:      layout_loops_cross
D:4:      layout_basic, nemelex_xobeh_ov_fountains_minmay, serial_bayou_pond_b
D:5:      layout_cave_pools, lemuel_doored_altar, nicolae_sif_muna_condensation,
          serial_column_ruins, column_ruins_square_large,
          column_ruins_temple_hut, column_ruins_open_medium_water,
          column_ruins_grid_1, column_ruins_corridor_T,
          column_ruins_corridor_straight, column_ruins_open_medium,
          minmay_manual_macuahuitl
D:6:      layout_rooms, minmay_temple_entry_gardened_gates
Temple:   nicolae_temple_figure_zero

Skill      XL: |  1  2  3  4  5  6  7  8 |
---------------+-------------------------+-----
Unarmed Combat | 3 5 6 7 8 |  8.1
Fighting       | 2 3 |  3.0
Spellcasting   | 1 2 3 |  3.8
Translocations | 1 2 3 4 |  4.2
Dodging        | 3 4 |  4.5
Throwing       | |  1.7

Action                   |  1- 3 |  4- 6 |  7- 9 || total
-------------------------+-------+-------+-------++-------
Melee: Unarmed           |    84 |       |   190 ||   274
       Punch             |     6 |    11 |    10 ||    27
       Dagger            |   100 |   102 |     3 ||   205
       Short sword       |       |    48 |     8 ||    56
Throw: Dart              |     1 |       |     2 ||     3
       Boomerang         |       |       |     5 ||     5
Evoke: Wand              |       |     2 |     2 ||     4
  Use: Scroll            |     2 |     5 |       ||     7
 Stab: Sleeping          |     4 |     1 |     1 ||     6
       Paralysed         |       |     4 |    11 ||    15
       Distracted        |       |       |     1 ||     1
Armor: Leather armour    |    51 |    44 |    32 ||   127
Dodge: Dodged            |    93 |    99 |    74 ||   266
